 Dungeon Crawl Stone Soup version 0.31-a0-188-g5e087ee2ca (webtiles) character file.

Game seed: 6269366376839678045

32 qw the Shooter (level 3, 0/20 HPs)
             Began as a Deep Elf Hunter on June 23, 2023.
             Succumbed to their own poison gas
             ... on level 1 of the Dungeon.
             The game lasted 00:00:17 (610 turns).

qw the Shooter (Deep Elf Hunter)                     Turns: 610, Time: 00:00:17

Health: 0/20       AC:  3    Str: 10    XL:     3   Next: 10%
Magic:  5/5        EV: 12    Int: 13    God:
Gold:   71         SH:  0    Dex: 18    Spells: 2/2 levels left

rFire   . . .        Y - +0 shortbow
rCold   . . .        (shield currently unavailable)
rNeg    . . .        c - +0 leather armour
rPois   .            (no helmet)
rElec   .            (no cloak)
rCorr   .            (no gloves)
SInv    .            (no boots)
Will    .....        (no amulet)
Stlth   ++           (no ring)
HPRegen 0.23/turn    (no ring)
MPRegen 0.09/turn

%: no passive effects
@: lethally poisoned (0 -> -3)
A: no striking features
a: no special abilities


You were on level 1 of the Dungeon.
You visited 1 branch of the dungeon, and saw 1 of its levels.

You collected 71 gold pieces.


   Skills:
 - Level 1.5 Fighting
 + Level 6.7 Ranged Weapons
 - Level 2.4 Dodging
 - Level 1.2 Stealth


You had 2 spell levels left.
You didn't know any spells.
Your spell library was empty.

Inventory:

Hand Weapons
 Y - a +0 shortbow (weapon)
Armour
 c - a +0 leather armour (worn)
Potions
 g - a potion of degeneration {unknown}
 i - a potion of cancellation {unknown}

Dungeon Overview and Level Annotations

Branches:
Dungeon (1/15)

Altars:

Shops:
D:1 ?


Message History

Done exploring.
601 ||| READING scroll labelled VUGEDI SUMYVO.
The air fills with toxic fumes!
As you read the scroll labelled VUGEDI SUMYVO, it crumbles to dust.
It was a scroll of poison.
Done exploring.
602 ||| READING scroll labelled FAUJAF TEROT.
As you read the scroll labelled FAUJAF TEROT, it dissolves into smoke.
It was a scroll of fog.
Done exploring.
603 ||| DROPPING scroll of butterflies.
You drop a scroll of butterflies.
Done exploring.
(D) Dungeon
Where to? (* - list waypoints, ? - help)
What level of the Dungeon? (default 1, ? - help) Sorry, I don't know how to get there.
Enter note:
Enter note:
Enter note:
Enter note:
Enter note:
Enter note:
Enter note:
Enter note:
Enter note: Really walk into that cloud of poison gas?
You are engulfed in poison gas.
You are poisoned.
You feel very sick.
605 ||| Stepping ~*~*~tactically~*~*~ (cloud).
You feel very sick.
There is a lethal amount of poison in your body!
You feel sick.
There is a lethal amount of poison in your body!
You feel sick.
There is a lethal amount of poison in your body!
You feel sick.
There is a lethal amount of poison in your body!
You feel sick.
There is a lethal amount of poison in your body!
You die...

#.......# #........
#.##.##.####.######.
###.##.##.##.....# #.
###..¤......##.....# #.
###.#0###...##.....# #.
###.#0¤.....##.....# #.
###.##0.....##.....# #.
###¤##0##...######## #.
###.¤¤¤@.........# #.
######0###.#####.# #.
#####¤¤¤##.......#######
####¤0¤..#.##...........
###¤0¤¤....##.##.#######
###¤¤¤¤.......##.#
###¤00¤..........#
####0¤¤..#.#####.#
#####...##.......#


There were no monsters in sight!

Vanquished Creatures
  A dart slug (D:1)
  2 ball pythons (D:1)
  6 endoplasms (D:1)
  A giant cockroach (D:1)
  2 goblins (D:1)
  2 hobgoblins (D:1)
  4 jackals (D:1)
  2 quokkas (D:1)
  2 bats (D:1)
  A frilled lizard (D:1)
  A kobold (D:1)
  A rat (D:1)
25 creatures vanquished.

Notes
Turn   | Place    | Note
-------+----------+-------------------------------------------
     0 | D:1      | qw the Deep Elf Hunter began the quest for the Orb.
     0 | D:1      | Reached XP level 1. HP: 12/12 MP: 3/3
     0 | D:1      | 0 ||| qw: Version: 0.3-a-9-g12657ce
     0 | D:1      | 0 ||| qw: Game counter: 3950
     0 | D:1      | 0 ||| qw: Always use a shield: true
     0 | D:1      | 0 ||| qw: God list: Okawaru
     0 | D:1      | 0 ||| qw: Allow faded altars: false
     0 | D:1      | 0 ||| qw: Do Orc after D:15 true
     0 | D:1      | 0 ||| qw: Do second Lair branch before Depths: true
     0 | D:1      | 0 ||| qw: Lair rune preference: random
     0 | D:1      | 0 ||| qw: Plans: Normal
     0 | D:1      | 0 ||| PLANNING D:1-11
    87 | D:1      | Reached skill level 6 in Ranged Weapons
    87 | D:1      | Reached XP level 2. HP: 16/16 MP: 4/4
    98 | D:1      | Found Iphec's Magic Scroll Shoppe.
   300 | D:1      | Reached XP level 3. HP: 20/20 MP: 5/5
   599 | D:1      | 599 ||| READING scroll labelled JOUDGH ZIPH.
   600 | D:1      | 600 ||| READING scroll labelled CELIMI HEUKLAE.
   601 | D:1      | 601 ||| READING scroll labelled VUGEDI SUMYVO.
   602 | D:1      | 602 ||| READING scroll labelled FAUJAF TEROT.
   603 | D:1      | 603 ||| DROPPING scroll of butterflies.
   605 | D:1      | 605 ||| Stepping ~*~*~tactically~*~*~ (cloud).
   607 | D:1      | HP: 4/20 [poisoned by you (poison gas)]
   609 | D:1      | HP: 1/20 [poisoned by you (poison gas)]
   610 | D:1      | Succumbed to their own poison gas

Levels and vault maps discovered:
D:1:      spicycebolla_arrival_clurvy, layout_loops_cross, serial_shops, shop

Skill      XL: |  1 |
---------------+----+-----
Ranged Weapons | 6 |  6.7
Fighting       | |  1.5
Dodging        | |  2.4
Stealth        | |  1.2

Action                     || total
---------------------------++-------
   Fire: Shortbow          ||    57
    Use: Scroll            ||     4
 Armour: Leather armour    ||     1
  Dodge: Dodged            ||     5

Table legend:
 A = Non-vault XP
 B = Vault XP
 C = Vault XP percentage of total XP
 D = Non-vault monster count
 E = Vault monster count
 F = Vault count percentage of total count
                 A         B        C        D         E       F
            +---------+---------+-------+---------+---------+-------
      Total |      47 |       0 |   0.0 |      25 |       0 |   0.0
            +---------+---------+-------+---------+---------+-------
        D:1 |      47 |       0 |   0.0 |      25 |       0 |   0.0
            +---------+---------+-------+---------+---------+-------
